Cogmind - Beta 13 @@@ ROGUE MODE // 2024.04.03 @ 18:33:28 Player: Colin Result: Self-destructed Performance ------------- Evolutions (1) 500 Regions Visited (5) 1000 Robots Destroyed (22) 110 Value Destroyed (680) 680 Prototype IDs (0) 0 Alien Tech Used (0) 0 Bonus (200) 200 TOTAL SCORE: 2490 Bonus ------- Entered Garrisons 200 Cogmind --------- Core Integrity 265/400 Matter 29/300 Energy 100/100 System Corruption 0% Temperature Warm (188) Movement Core (650) Ox12 Location -9/Garrison Parts ------- > --- POWER (1) -------- (None) > --- PROPULSION (2) --- (None) > --- UTILITY (4) ------ Large Storage Unit Hardened Light Armor Plating > --- WEAPON (2) ------- Flak Cannon Flak Cannon > --- INVENTORY (15) --- Light Ion Engine Aluminum Leg Aluminum Leg Experimental Sensor Array Signal Interpreter Hardened Light Armor Plating Shield Generator Flak Cannon Flak Cannon Rocket Launcher Rocket Launcher Peak State ------------ > --- POWER ------------ Ion Engine > --- PROPULSION ------- Light Treads Light Treads > --- UTILITY ---------- Large Storage Unit Weapon Shielding Hardened Light Armor Plating Hardened Light Armor Plating > --- WEAPON ----------- Flak Cannon Flak Cannon > --- INVENTORY -------- Light Ion Engine Aluminum Leg Aluminum Leg Experimental Sensor Array Signal Interpreter Hardened Light Armor Plating Shield Generator Flak Cannon Flak Cannon Rocket Launcher Rocket Launcher [Rating: 17] Favorites ----------- Power Ion Engine Engine Ion Engine Propulsion Light Treads Treads Light Treads Utility Large Storage Unit Device Seismic Detector Storage Large Storage Unit Protection Hardened Light Armor Plating Weapon Autogun Energy Gun EM Pulse Gun Ballistic Gun Autogun Ballistic Cannon Flak Cannon Launcher Rocket Launcher Build | -11 -10 -10 -9 -9 -9 ------- Run | Yrd Mat Min Mat Sto Gar Slots Evolved 2 | . . . 2 . . Power . | . . . . . . Propulsion . | . . . . . . Utility 2 | . . . 2 . . Weapon . | . . . . . . Parts Attached 22 | 5 5 3 5 . 4 Power 1 | . 1 . . . . Engine 1 | . 1 . . . . Core . | . . . . . . Reactor . | . . . . . . Propulsion 2 | 2 . . . . . Treads 2 | 2 . . . . . Leg . | . . . . . . Wheel . | . . . . . . Hover . | . . . . . . Flight . | . . . . . . Utility 8 | 1 2 . 3 . 2 Device 2 | . 1 . 1 . . Storage 2 | 1 1 . . . . Processor . | . . . . . . Hackware . | . . . . . . Protection 4 | . . . 2 . 2 Artifact . | . . . . . . Weapon 11 | 2 2 3 2 . 2 Energy Gun 1 | 1 . . . . . Energy Cannon . | . . . . . . Ballistic Gun 4 | 1 1 2 . . . Ballistic Cannon 2 | . . . . . 2 Launcher 4 | . 1 1 2 . . Special Weapon . | . . . . . . Impact Weapon . | . . . . . . Slashing Weapon . | . . . . . . Piercing Weapon . | . . . . . . Special Melee Weapon . | . . . . . . Unidentified Prototypes . | . . . . . . Parts Lost 7 | . . 1 . . 6 Power 1 | . . . . . 1 Propulsion 2 | . . . . . 2 Utility 3 | . . . . . 3 Weapon 1 | . . 1 . . . Highest Loss Streak 5 | . . 1 . . 5 To Critical Strikes . | . . . . . . Average Slot Usage (%) 97 | . 93 99 100 100 96 Engine 11 | . 9 14 11 11 11 Treads 25 | . 28 28 22 22 20 Device 11 | . 12 14 13 11 4 Storage 12 | . 14 14 11 11 11 Protection 9 | . . . 19 22 26 Ballistic Gun 10 | . 14 17 5 . . Ballistic Cannon 1 | . . . . . 9 Launcher 13 | . 13 10 16 22 12 Naked Turns . | . . . . . . Heaviest Build 48 | 9 32 32 40 40 48 Greatest Support 40 | 40 40 40 40 40 40 Greatest Overweight (x) 15 | . . . . . 15 Average Overweight (x) . | . . . . . . Largest Inventory Capacity 15 | 8 15 15 15 15 15 Average Capacity 13 | 6 11 15 15 15 15 Most Carried 14 | 6 9 13 14 14 14 Average Carried 11 | 4 7 12 12 13 12 Final Capacity 15 | 8 15 15 15 15 15 Final Carried 14 | 6 9 12 13 14 11 Class Distribution -------------------- 100% | Mutant Dominant Class ---------------- Mutant | -10/Materials Mutant | -10/Mines Mutant | -9/Materials Mutant | -9/Storage Mutant | -9/Garrison Resources | -11 -10 -10 -9 -9 -9 ----------- Run | Yrd Mat Min Mat Sto Gar Matter Collected 624 | 178 50 240 23 63 70 Remotely . | . . . . . . Salvage Created 512 | . 144 171 23 . 174 Parts 46 | . 11 13 . . 22 Haulers Intercepted 1 | . 1 . . . . Recyclers Shooed 1 | . 1 . . . . Parts Field Recycled . | . . . . . . Retrieved Matter . | . . . . . . Parts Self-Destructed . | . . . . . . Prevented . | . . . . . . Kills | -11 -10 -10 -9 -9 -9 ------- Run | Yrd Mat Min Mat Sto Gar Combat Hostiles Destroyed 20 | . 3 5 1 . 11 Guns 5 | . 1 4 . . . Cannons 4 | . . . . . 4 AOE 11 | . 2 1 1 . 7 Classes Destroyed 6 | . 3 . . . 3 Hauler 1 | . 1 . . . . Watcher 1 | . 1 . . . . Swarmer 4 | . . . . . 4 Grunt 13 | . 3 5 1 . 4 Duelist 1 | . . . . . 1 Sentry 2 | . . . . . 2 Best Kill Streak 4 | . 2 3 1 . 4 Combat Bots Only 4 | . 2 3 1 . 4 Max Kills in Single Turn 2 | . 2 1 1 . 2 Gunslinging . | . . . . . . Exploded 2 | . 1 1 1 . 2 Melee . | . . . . . . Uniques/NPCs Destroyed . | . . . . . . Combat | -11 -10 -10 -9 -9 -9 -------- Run | Yrd Mat Min Mat Sto Gar Hostile Shots Fired 145 | . 14 24 . . 107 Missed 44 | . 6 9 . . 29 Damage Taken 1477 | . 138 213 . . 1126 Core 199 | . 32 32 . . 135 Absorbed by Shields . | . . . . . . Redirected to Shielding 78 | . . . . . 78 Core Remaining (%) 87 | 100 . 74 . . . Volleys Fired 45 | . 18 14 1 . 12 Largest 2 | . 2 2 2 . 2 Hottest 88 | . 53 53 66 . 88 Shots Fired 78 | . 25 27 2 . 24 Gun 41 | . 18 23 . . . Cannon 10 | . . . . . 10 Launcher 27 | . 7 4 2 . 14 Special . | . . . . . . Kinetic 51 | . 18 23 . . 10 Thermal . | . . . . . . Explosive 27 | . 7 4 2 . 14 Electromagnetic . | . . . . . . Robot Hit Streak 13 | . 4 13 6 . 12 Robot Miss Streak 15 | . 3 2 . . 15 Penetration Max . | . . . . . . Secondary Targets 1 | . . 1 . . . Max Gunslinging Chain 1 | . . 1 . . . Shots Hit Robots 44 | . 13 15 2 . 14 Core Hits 40 | . 10 8 1 . 21 Critical Kills . | . . . . . . Critical Parts Destroyed . | . . . . . . Critical Strikes . | . . . . . . Melee Attacks . | . . . . . . Impact . | . . . . . . Slashing . | . . . . . . Piercing . | . . . . . . Sneak Attacks . | . . . . . . Combat Hostiles . | . . . . . . Follow-up Attacks . | . . . . . . Damage Inflicted 1489 | . 455 316 57 . 661 Guns 278 | . 95 183 . . . Cannons 94 | . . . . . 94 Explosions 1096 | . 344 128 57 . 567 Melee . | . . . . . . Ramming 21 | . 16 5 . . . Kinetic 372 | . 95 183 . . 94 Thermal . | . . . . . . Explosive 1096 | . 344 128 57 . 567 Electromagnetic . | . . . . . . Impact . | . . . . . . Slashing . | . . . . . . Piercing . | . . . . . . Highest Corruption 1 | . 1 1 . . . Average Corruption 1 | . 1 1 . . . Corruption Purged . | . . . . . . Corruption Blocked . | . . . . . . Effects 7 | . 1 6 . . . Message Errors 2 | . 1 1 . . . Matter Fused 3 | . . 3 . . . Data Loss (minor) 2 | . . 2 . . . Overload Shots . | . . . . . . Overflow Damage 6 | . 6 . . . . Projectiles . | . . . . . . Explosions 6 | . 6 . . . . Melee . | . . . . . . Knockbacks 1 | . . . . . 1 Impact . | . . . . . . Kinetic 1 | . . . . . 1 Secondary . | . . . . . . Self-Inflicted Damage 176 | . . 46 . . 130 Shots 7 | . . 2 . . 5 Rammed 2 | . 1 1 . . . Targets Rammed 2 | . 1 1 . . . Kicked . | . . . . . . Crushed . | . . . . . . Highest Temperature 299 | . 18 28 12 . 299 Average Temperature 74 | . 11 11 8 . 119 Received Heat Transfer 435 | . 48 90 . . 297 Siege Activations . | . . . . . . Robots Corrupted . | . . . . . . Combat Hostiles . | . . . . . . Parts Fried . | . . . . . . Impact Corruptions . | . . . . . . Robots Melted . | . . . . . . Combat Hostiles . | . . . . . . Parts Melted . | . . . . . . Heat Transferred . | . . . . . . Parts Sabotaged . | . . . . . . Parts Stolen . | . . . . . . Parts Stripped . | . . . . . . Power Chain Reactions . | . . . . . . Alert | -11 -10 -10 -9 -9 -9 ------- Run | Yrd Mat Min Mat Sto Gar Peak Influence 327 | . 158 81 94 39 327 Initial 39 | . . 3 23 39 25 Average 63 | . 56 13 59 39 189 Maximum Alert Level 1 | . . . . . 1 Low Security (%) 88 | 100 100 100 100 100 40 Level 1 11 | . . . . . 59 Level 2 . | . . . . . . Level 3 . | . . . . . . Level 4 . | . . . . . . Level 5 . | . . . . . . High Security . | . . . . . . Max Security . | . . . . . . Squads Dispatched 3 | . 2 . 1 . . Investigation 2 | . 1 . 1 . . Extermination . | . . . . . . Reinforcement 1 | . 1 . . . . Assault . | . . . . . . Garrison . | . . . . . . Intercept . | . . . . . . Searches Triggered . | . . . . . . Construction Impeded . | . . . . . . Haulers Reinforced . | . . . . . . Active Scanning Responses . | . . . . . . Cargo Convoy Interrupts . | . . . . . . Stealth | -11 -10 -10 -9 -9 -9 --------- Run | Yrd Mat Min Mat Sto Gar Distress Signals . | . . . . . . Communications Jammed . | . . . . . . Distress Signals . | . . . . . . Times Spotted 26 | . 5 5 1 . 15 Peak Tracking Total 7 | . 2 3 1 . 7 Tactical Retreats . | . . . . . . Traps | -11 -10 -10 -9 -9 -9 ------- Run | Yrd Mat Min Mat Sto Gar Traps Triggered 5 | . 2 . . . 3 Indirectly . | . . . . . . Trap Hack Attempts . | . . . . . . Triggered . | . . . . . . Disarmed . | . . . . . . Reprogrammed . | . . . . . . Reused . | . . . . . . Traps Extracted . | . . . . . . Installed . | . . . . . . Triggered . | . . . . . . Machines | -11 -10 -10 -9 -9 -9 ---------- Run | Yrd Mat Min Mat Sto Gar Machines Disabled 3 | . 1 1 1 . . Max in Single Turn 1 | . 1 1 1 . . Machines Repaired . | . . . . . . Machines Dismantled . | . . . . . . Machines Sabotaged . | . . . . . . Overloaded Fab Kills . | . . . . . . Hacking | -11 -10 -10 -9 -9 -9 --------- Run | Yrd Mat Min Mat Sto Gar Machines Accessed 9 | . 3 . 2 3 1 Terminals 7 | . 2 . 2 2 1 Fabricators . | . . . . . . Repair Stations . | . . . . . . Recycling Units 1 | . 1 . . . . Scanalyzers . | . . . . . . Garrison Access 1 | . . . . 1 . Total Hacks 28 | . 13 . 6 8 1 Successful 19 | . 9 . 4 5 1 Failed 9 | . 4 . 2 3 . Catastrophic 1 | . 1 . . . . Database Lockouts . | . . . . . . Manual 1 | . 1 . . . . Terminals 22 | . 9 . 6 6 1 Fabricators . | . . . . . . Repair Stations . | . . . . . . Recycling Units 4 | . 4 . . . . Scanalyzers . | . . . . . . Garrison Access 2 | . . . . 2 . Terminal Hacks 15 | . 6 . 4 4 1 Record 8 | . 4 . . 4 . Emergency Access Points 1 | . . . . . 1 Alert Level 1 | . . . 1 . . Dispatch Records 1 | . . . 1 . . Maintenance Status 1 | . 1 . . . . Surveillance Status 1 | . . . 1 . . Hauler Manifests 1 | . 1 . . . . Zone Layout 1 | . . . 1 . . Fabricator Hacks . | . . . . . . Repair Station Hacks . | . . . . . . Recycling Unit Hacks 3 | . 3 . . . . Process 1 | . 1 . . . . Report Inventory 1 | . 1 . . . . Retrieve Matter 1 | . 1 . . . . Scanalyzer . | . . . . . . Garrison Access Hacks 1 | . . . . 1 . Unlock Access 1 | . . . . 1 . Unauthorized Hacks . | . . . . . . Terminals . | . . . . . . Fabricators . | . . . . . . Repair Stations . | . . . . . . Recycling Units . | . . . . . . Scanalyzers . | . . . . . . Garrison Access . | . . . . . . Data Cores Recovered . | . . . . . . Used . | . . . . . . Hacking Detections 6 | . 3 . 2 1 . Full Trace Events 3 | . 1 . 2 . . Feedback Events . | . . . . . . Feedback Blocked . | . . . . . . Robot Schematics Acquired . | . . . . . . Robots Built . | . . . . . . Authchips . | . . . . . . Time . | . . . . . . Total Robot Build Rating . | . . . . . . Part Schematics Acquired . | . . . . . . Parts Built . | . . . . . . Authchips . | . . . . . . Time . | . . . . . . Total Part Build Rating . | . . . . . . Parts Repaired . | . . . . . . Time . | . . . . . . Parts Recycled . | . . . . . . Recycled Matter 7 | . 7 . . . . Retrieved Matter 7 | . 7 . . . . Retrieved Components . | . . . . . . Parts Scanalyzed . | . . . . . . Part Schematics Acquired . | . . . . . . Parts Damaged . | . . . . . . Bothacking | -11 -10 -10 -9 -9 -9 ------------ Run | Yrd Mat Min Mat Sto Gar Used RIF Installer . | . . . . . . Robots Hacked . | . . . . . . Non-combat . | . . . . . . Combat . | . . . . . . Robot Hacks Applied . | . . . . . . Relay Couplers Released . | . . . . . . Fabnet Peak Effective % . | . . . . . . Robots Rewired . | . . . . . . Allies Hacked . | . . . . . . Hacks Repelled . | . . . . . . Allies | -11 -10 -10 -9 -9 -9 -------- Run | Yrd Mat Min Mat Sto Gar Total Allies . | . . . . . . Largest Group . | . . . . . . Highest-Rated Group . | . . . . . . Highest-Rated Ally . | . . . . . . Total Orders . | . . . . . . Ally Attacks . | . . . . . . Total Damage . | . . . . . . Kills . | . . . . . . Allies Corrupted . | . . . . . . Allies Melted . | . . . . . . Intel | -11 -10 -10 -9 -9 -9 ------- Run | Yrd Mat Min Mat Sto Gar Robot Analysis Total . | . . . . . . Derelict Logs Recovered 1 | . . 1 . . . Drone Launches . | . . . . . . Drone Recoveries . | . . . . . . Exploration | -11 -10 -10 -9 -9 -9 ------------- Run | Yrd Mat Min Mat Sto Gar Turns Passed 1985 | 85 436 700 237 144 383 Spaces Moved 1020 | 51 231 341 136 90 171 Core 12 | 10 . . . . 2 Treads 1008 | 41 231 341 136 90 169 Legs . | . . . . . . Wheels . | . . . . . . Hover . | . . . . . . Flight . | . . . . . . Fastest Speed 50 | 50 160 160 160 160 160 Average Speed 164 | 138 160 160 160 160 194 Slowest Speed 800 | 160 160 160 160 160 800 Overloaded Moves . | . . . . . . Propulsion Burnouts . | . . . . . . Robots Hopped . | . . . . . . Cave-ins Triggered . | . . . . . . Exploration Rate (%) 24 | 4 35 57 10 11 30 Regions Visited 5 Branch Regions 2 Pre-discovered Areas . | . . . . . . Known Exits Taken 1 | . . . . 1 . Unknown Exits Taken 4 | 1 1 1 1 . . Scrap Searched 2 | . . 2 . . . Spaces Dug . | . . . . . . Terrain Destroyed 152 | . 55 17 14 . 66 Melee . | . . . . . . Projectile . | . . . . . . AOE 152 | . 55 17 14 . 66 Terrain Rammed . | . . . . . . Walls Destroyed . | . . . . . . Machines Disabled . | . . . . . . Actions | -11 -10 -10 -9 -9 -9 --------- Run | Yrd Mat Min Mat Sto Gar Total 1257 | 66 275 472 155 90 199 Wait 113 | . . 110 3 . . Move 1015 | 50 230 340 135 89 171 Hop . | . . . . . . Pick Up 40 | 11 13 4 7 1 4 Fast Attach . | . . . . . . Attach 14 | 5 2 1 3 . 3 Detach . | . . . . . . Swap 8 | . 3 2 2 . 1 Drop 18 | . 8 . 4 . 6 Fire 45 | . 18 14 1 . 12 Melee . | . . . . . . Ram . | . . . . . . Kick . | . . . . . . Crush 2 | . 1 1 . . . Escape Stasis 2 | . . . . . 2 Rewire . | . . . . . . Trap . | . . . . . . Miscellaneous . | . . . . . . Route ------- -11/Scrapyard -10/Materials -10/Mines (discovered 2 exits: *Mat x2) -9/Materials (discovered 2 exits: [*Min] / *Sto) -9/Storage -9/Garrison History --------- Turn | Location | Event 6 | -11/Scrapyard | Discovered new exit (range 14) 86 | -11/Scrapyard | Entered Materials 300 | -10/Materials | Build established: Mutant 490 | -10/Materials | Discovered new exit (range 16) 522 | -10/Materials | Entered Mines 671 | -10/Mines | Found a damaged Exp. Sensor Array with a note attached 677 | -10/Mines | Found Prototype Device 843 | -10/Mines | Discovered new exit (range 7) 898 | -10/Mines | Learned Materials emergency access door positions 944 | -10/Mines | Discovered new exit (range 16) 1039 | -10/Mines | Excavation squad dispatched 1039 | -10/Mines | A large section of the Mines collapsed 1222 | -10/Mines | Entered Materials 1222 | -9/Materials | Evolved 2 slots: Utility x2 1351 | -9/Materials | Discovered new exit (range 12) 1364 | -9/Materials | Discovered new exit (range 16) 1459 | -9/Materials | Entered Storage 1579 | -9/Storage | Identified exit to Garrison 1603 | -9/Storage | Entered Garrison 1706 | -9/Garrison | Triggered checkpoint 1740 | -9/Garrison | Triggered checkpoint 1946 | -9/Garrison | Triggered checkpoint 1953 | -9/Garrison | Triggered checkpoint 1962 | -9/Garrison | Triggered checkpoint 1986 | -9/Garrison | Self-destructed Last Messages --------------- ALERT: Dispatching investigation squad to Materials. Beams of light sweep through the air. An alarm sounds. S-10 Pest destroyed. Beams of light sweep through the air. An alarm sounds. S-10 Pest destroyed. S-10 Pest knocked back. S-10 Pest destroyed. Acquired 10 matter. Beams of light sweep through the air. An alarm sounds. Lgt. Treads destroyed. Weapon Shielding destroyed. S-10 Pest destroyed. Lgt. Treads destroyed. Acquired 6 matter. Hrd. Light Armor Plating destroyed. Ion Engine destroyed. Map ----- +----------------------------------------------------+ | ?????????????????????????????????????????????????? | | ?????????????????????????????????????????????????? | | ???????????????????????????????????????++????????? | | +?????????????+??????????????????????????????????? | | ?????????????????????????????????????????????????? | | ????????????????????????????+???+????????????????? | | ?????????????????????????????????????????????????? | | ????????????????????????##+??????????????????????? | | ?????????????????+????# ?? ?????????????????? | | ?????????????????????## ## #????????????????? | | ?????????????????# ?? Y #????????????????? | | ?????????????????# ?? +????????????????? | | ?????????????????# ?? +????????????????? | | ?????????????????# ?# ## #????????????????? | | ?????????????????# ## ## ###??????????????? | | ???????????????+?" #??????????????? | | ?????????????????" #??????????????? | | ?????????????????" #??????????????? | | ?????????????????" ? ???????????????? | | ?????????????????# ?# ## #????????????????? | | ???????????####### ## ##gg ############?????? | | ??????????? #?????? | | ??????????? #?????# | | ??????????? == =g #?????# | | ??????????????#####+###[%=*###+##+##+### #?##### | | ??????????????????????#=*@[+???????????+ +?? + | | ??????????????????????######???????????# #???# # | | ????+??+???+???????????????????????????# #???# | | ????+??+???????????????????????????????# #??## | | ???????????????????????????????????????# #??# # | | ???????????????????????????????????????# ##### | | ???????????????????????????????????????# | | ????????????????????????????????????#### | | ???????????????????????????????????## # #T##= | | ???????????????????????????????????# # ! ###[ | | ???????????????????????????????????# ## ! #?#### | | ???????????????????????????????????# = ##????? | | ???????????????????????????????????# #????? | | ???????????????????????????????????# # ###???? | | ???????????????????????????????????## #???? | | ????????????????????????????????????### =###???? | | ???????????+??????????????????????????# ###### | | ??????????????????????????????????????# | | ??????????????????????????????????????## | | ??????????????????????????????????????# | | ??????????????????????????????????????## ######## | | ???????????+???????????????????????????#^ #??????? | | ???????????????????????????????????????# #??????? | | ???????????????????????????????????????^ #??????? | | ?????????????????????????????????????? #??????? | +----------------------------------------------------+ Best States ------------- Heat Dissipation 28 Energy Generation 10 Energy Capacity 250 Matter Stores 228 Matter Capacity 300 Sight Range 16 Terrain Scan Density 10 Armor Coverage 300 Weapon Shielding 33 Evasion (%) 50 Recoil Reduction 2 Item Schematics ----------------- None Robot Schematics ------------------ None Fabricated ------------ Nothing Alien Tech Used ----------------- None Achievements -------------- Shopping List Challenges ------------ None Game ------ Seed CommOpticalHumpback Manual? 0 Play Time 00:22:13 Cumulative 0.8 hours Start 2024.04.03 @ 18:07:35 End 2024.04.03 @ 18:33:28 Sessions 1 Manual Loads 0 Difficulty Rogue Special Mode None Game No. 5 Rogue 5 Adventurer 0 Explorer 0 Win Type - Total 0 Types 0/0/0/0/0/0/0/0/0 Lore% 1 Gallery% 4 Achievement% 4 Wizard Run 0 Options --------- Layout 1 ASCII 0 Keyboard 0 Movement Arrows Keybinds 0 Fullscreen 1 Font 24/Smallcaps Map View 50x35 Zoom Use 0% Tactical HUD 0 Map Filters NONE Filters NONE Steam 1 RUN: 0e5d66b7-e56c-4bfa-81d9-234f18f17f55